 Dungeon Crawl Stone Soup version bcrawl-1.21.3-16-g7f46a08de7 (webtiles) character file.

Game seed: 10040685750692996597

23794 Chiseanne the Covert (level 13, -1/98 HPs)
             Began as a Gnoll Archaeologist on May 4, 2020.
             Was a Believer of Sif Muna.
             Slain by a black mamba (13 damage)
             ... on level 5 of the Lair of Beasts.
             The game lasted 00:26:41 (13815 turns).

Chiseanne the Covert (Gnoll Archaeologist)         Turns: 13815, Time: 00:26:42

Health: -1/98      AC: 12    Str: 19    XL:     13   Next: 9%
Magic:  24/24      EV: 16    Int: 19    God:    Sif Muna [**....]
Gold:   1112       SH:  4    Dex: 16    Spells: 27/27 levels left

rFire    . . .     SeeInvis .   T - +5 great mace (protect)
rCold    + . .     Gourm    .   (shield currently unavailable)
rNeg     . . .     Faith    .   f - +0 scale mail {rC+}
rPois    .         Spirit   .   c - +1 hat
rElec    .         Reflect  +   C - +0 cloak
rCorr    .         Harm     .   (no gloves)
MR       .....                  d - +1 pair of boots
Stlth    +++++.....             K - +4 amulet of reflection
HPRegen  0.26/turn              O - ring of stealth
MPRegen  0.19/turn              o - +5 ring of strength

@: lethally poisoned (-1 -> -16)
A: distributed training, fangs 1, strong nose
a: Divine Energy, Renounce Religion


You were on level 5 of the Lair of Beasts.
You worshipped Sif Muna.
Sif Muna was pleased with you.
You were not hungry.

You visited 2 branches of the dungeon, and saw 14 of its levels.

You collected 1112 gold pieces.

Inventory:

Hand Weapons
 a - the +10 great mace "Evireh" {flame, +Blink +Inv rPois Str+4}
   (You acquired it on level 3 of the Dungeon)

   It has been specially enchanted to burn those struck by it, causing extra
   injury to most foes and up to half again as much damage against particularly
   susceptible opponents.
   It affects your strength (+4).
   It protects you from poison.
   It lets you turn invisible.
   It lets you blink.
 w - a +1 blowgun
 N - the cursed +3 dagger "Ickauqi" {pierce, rF+ Str+9, unknown}
   (You found it on level 4 of the Lair of Beasts)

   It inflicts extra damage upon your enemies.
   It affects your strength (+9).
   It protects you from fire.
   It has a curse placed upon it.
 T - a +5 great mace of protection (weapon)
Missiles
 m - 2225 arrows
 t - 1245 sling bullets
 v - 464 poisoned needles
 x - 162 tomahawks (quivered)
 A - 553 bolts
 I - a throwing net {!f}
 U - 113 javelins
Armour
 c - a +1 hat (worn)
 d - a +1 pair of boots (worn)
 f - a +0 scale mail of cold resistance (worn)
 C - a +0 cloak (worn)
Jewellery
 i - an uncursed ring of ice {unknown}
 k - an uncursed amulet of regeneration
 o - a +5 ring of strength (right hand)
 p - an uncursed ring of flight
 H - an uncursed ring of fire
 K - a +4 amulet of reflection (around neck)
 O - a ring of stealth (left hand)
Wands
 z - a wand of flame (11)
 D - a wand of digging (8)
 E - a wand of polymorph (1)
 F - a wand of enslavement (11)
Scrolls
 g - 5 scrolls of magic mapping
 s - 4 scrolls of amnesia
 u - 7 scrolls of remove curse
 y - 4 scrolls of immolation
 B - 2 scrolls of fog
 G - 7 scrolls of teleportation
 L - a scroll of identify
 Q - a scroll of fear {unknown}
Potions
 b - 3 potions of curing
 h - a potion of ambrosia
 j - a potion of might
 l - 2 potions of mutation
 n - a potion of brilliance
 q - a potion of lignification
 r - 2 potions of heal wounds
 J - a potion of haste
 M - 3 potions of flight
 P - 2 potions of berserk rage
Miscellaneous
 R - a sack of spiders
Comestibles
 e - 22 rations {!d}


   Skills:
 + Level 8.3 Fighting
 + Level 7.8 Short Blades
 + Level 7.8 Long Blades
 + Level 7.8 Axes
 + Level 8.3 Maces & Flails
 + Level 7.8 Polearms
 + Level 7.8 Staves
 + Level 7.8 Slings
 + Level 7.8 Bows
 + Level 7.8 Crossbows
 + Level 7.8 Throwing
 + Level 7.8 Armour
 + Level 10.2 Dodging
 + Level 10.2 Stealth
 + Level 7.8 Shields
 + Level 7.8 Unarmed Combat
 + Level 7.8 Spellcasting
 + Level 6.5 Conjurations
 + Level 6.5 Hexes
 + Level 6.5 Charms
 + Level 6.5 Summonings
 + Level 6.5 Necromancy
 + Level 6.5 Translocations
 + Level 6.5 Transmutations
 + Level 6.5 Fire Magic
 + Level 6.5 Ice Magic
 + Level 6.5 Air Magic
 + Level 6.5 Earth Magic
 + Level 6.5 Poison Magic
 + Level 8.5 Invocations
 + Level 7.8 Evocations


You had 27 spell levels left.
You didn't know any spells.
Your spell library contained the following spells:

 Spells                   Type           Power        Failure   Level  Hunger
 Beastly Appendage        Tmut           ####..       1%          1    None
 Throw Frost              Conj/Ice       ####..       1%          2    None
 Sticks to Snakes         Tmut           ####....     2%          2    None
 Confuse                  Hex            ####....     4%          3    #......
 Recall                   Summ/Tloc      N/A          4%          3    #......
 Spectral Weapon          Hex/Chrm       ####....     4%          3    #......
 Spider Form              Tmut/Pois      ###          4%          3    #......
 Ice Form                 Ice/Tmut       ####....     17%         4    ###....
 Tree Form                Hex/Tmut       N/A          17%         4    ###....
 Blade Hands              Tmut           ####......   43%         5    #####..
 Simulacrum               Ice/Necr       ####......   95%         6    ######.


Dungeon Overview and Level Annotations

Branches:
Dungeon (9/12)             Temple (0/1) D:7            Lair (5/6) D:7
 Shoals (0/3) Lair:3        Snake (0/3) Lair:3          Orc (0/1) D:9
  Slime: Lair:5-6

Altars:
Cheibriados
Dithmenos
Kikubaaqudgha
Makhleb
Nemelex Xobeh
Ru
Sif Muna
Trog
Xom
Yredelemnul
The Shining One

Shops:
D:8 %

Annotations:
Lair:1 3 runed translucent doors, exclusion: 3 killer bees, MisterOstroum's ghost, journeyman DrBe


Innate Abilities, Weirdness & Mutations

Your experience applies equally to all skills.
You have very sharp teeth.
Your uncanny sense of smell can sniff out nearby items.


Message History

The black mamba is heavily wounded.
You feel sick. The black mamba misses you.
The black mamba completely misses you.
You closely miss the black mamba.
You bite the black mamba, but do no damage.
The black mamba is heavily wounded.
You feel sick. The black mamba barely misses you.
You block the black mamba's attack. The black mamba bites you!
* * * LOW HITPOINT WARNING * * *
You are lethally poisoned!
The black mamba poisons you!
You closely miss the black mamba.
The black mamba is heavily wounded.
* * * LOW HITPOINT WARNING * * *
You feel sick. The black mamba misses you.
The black mamba bites you but does no damage.
You feel much better.
You feel sick. The black mamba bites you!
* * * LOW HITPOINT WARNING * * *
The black mamba bites you!
You die...

..#.###....#P#.... ......
#.....P...#
..#...##..........
#.........##...
..#....#...P#
......P#....# ##
.+#.#P.#÷..### .##...
...#.P÷....P####..#...
.......S@..............
.......................
...#..##...............
.......#...............
...†...###.#........... .
⌠.⌠.##.....⌠.##..##.#P...
..............#.#### ...
......+..>.⌠#....###...
...#..#.....##.....+...


You could see a black mamba.

Vanquished Creatures
  A great orb of eyes (Lair:4)
  4 hydras
  Urug (Lair:5)
  A cyclops (D:9)
  An oklob plant (Lair:5)
  7 elephants
  A black mamba (shapeshifter) (D:9)
  2 black mambas
  9 cane toads
  2 rime drakes
  A troll (D:7)
  A hornet (D:8)
  Prince Ribbit (D:7)
  4 hippogriffs
  5 blink frogs (Lair:3)
  Sigmund (D:4)
  4 yaks (Lair:2)
  A wraith (D:9)
  2 wyverns
  2 hungry ghosts (D:9)
  A basilisk (Lair:3)
  Eustachio (D:4)
  5 vampire mosquitoes (Lair:4)
  2 insubstantial wisps
  8 crocodiles
  A naga (Lair:3)
  6 porcupines
  4 water moccasins
  2 ice beasts (D:5)
  2 orc warriors
  A sky beast (D:9)
  4 black bears (D:6)
  An ogre (D:5)
  4 phantoms
  7 centaurs
  12 wolves
  A necrophage (D:5)
  7 bullfrogs
  A big kobold (D:9)
  Blork the orc (D:4)
  A wyvern zombie (D:8)
  A water moccasin skeleton (D:5)
  A wight (D:6)
  An electric eel (Lair:1)
  7 crimson imps
  A bullfrog zombie (D:5)
  2 centaur skeletons
  2 centaur zombies
  A quasit (D:9)
  A hound (D:7)
  5 jellies
  Crazy Yiuf (D:4)
  3 orc priests
  5 orc wizards
  4 iguanas
  6 ogre zombies (D:9)
  A hound zombie (D:4)
  2 hound skeletons
  3 gnolls (D:3)
  13 adders
  A shadow imp (D:5)
  2 oozes (D:2)
  An adder skeleton (D:5)
  4 worms
  3 dart slugs
  5 leopard geckos
  32 orcs
  A ball python (D:2)
  2 bats
  4 giant cockroaches (D:3)
  5 goblins
  8 hobgoblins
  6 jackals
  2 quokkas
  2 frilled lizards
  2 goblin skeletons (D:9)
  3 goblin zombies (D:9)
  A hobgoblin skeleton (D:9)
  A hobgoblin zombie (D:9)
  16 kobolds
  An orc skeleton (D:9)
  11 orc zombies (D:9)
  A quokka skeleton (D:5)
  4 rats
  A plant (Lair:4)
302 creatures vanquished.

Vanquished Creatures (collateral kills)
  An elephant (Lair:5)
  2 porcupines (Lair:2)
3 creatures vanquished.

Vanquished Creatures (others)
  2 elephants
  A vampire mosquito (Lair:4)
  A bullfrog (D:6)
  An iguana (D:6)
  A gnoll (D:6)
  An orc (D:6)
  A jackal (D:6)
  7 fungi
  A plant (Lair:2)
  9 toadstools (Lair:5)
25 creatures vanquished.

Grand Total: 330 creatures vanquished

Notes
Turn   | Place    | Note
-------+----------+-------------------------------------------
     0 | D:1      | Chiseanne the Gnoll Archaeologist began the quest for the
                  | Orb.
     0 | D:1      | Reached XP level 1. HP: 17/17 MP: 1/1
    11 | D:1      | Noticed a minotaur zombie
    15 | D:1      | Noticed a merfolk zombie
   128 | D:1      | Reached XP level 2. HP: 15/23 MP: 2/2
   605 | D:1      | Reached XP level 3. HP: 28/28 MP: 1/3
  1230 | D:2      | Reached skill level 1 in Invocations
  1391 | D:2      | Reached skill level 1 in Short Blades
  1391 | D:2      | Reached skill level 1 in Long Blades
  1391 | D:2      | Reached skill level 1 in Axes
  1391 | D:2      | Reached skill level 1 in Polearms
  1391 | D:2      | Reached skill level 1 in Staves
  1391 | D:2      | Reached skill level 1 in Slings
  1391 | D:2      | Reached skill level 1 in Bows
  1391 | D:2      | Reached skill level 1 in Crossbows
  1391 | D:2      | Reached skill level 1 in Throwing
  1391 | D:2      | Reached skill level 1 in Armour
  1391 | D:2      | Reached skill level 1 in Shields
  1391 | D:2      | Reached skill level 1 in Unarmed Combat
  1391 | D:2      | Reached skill level 1 in Spellcasting
  1391 | D:2      | Reached skill level 1 in Evocations
  1410 | D:2      | Reached XP level 4. HP: 34/34 MP: 1/5
  1421 | D:2      | Found a snail-covered altar of Cheibriados.
  2135 | D:3      | Reached skill level 1 in Conjurations
  2135 | D:3      | Reached skill level 1 in Hexes
  2135 | D:3      | Reached skill level 1 in Charms
  2135 | D:3      | Reached skill level 1 in Summonings
  2135 | D:3      | Reached skill level 1 in Necromancy
  2135 | D:3      | Reached skill level 1 in Translocations
  2135 | D:3      | Reached skill level 1 in Transmutations
  2135 | D:3      | Reached skill level 1 in Fire Magic
  2135 | D:3      | Reached skill level 1 in Ice Magic
  2135 | D:3      | Reached skill level 1 in Air Magic
  2135 | D:3      | Reached skill level 1 in Earth Magic
  2135 | D:3      | Reached skill level 1 in Poison Magic
  2205 | D:3      | Reached XP level 5. HP: 38/40 MP: 2/6
  2205 | D:3      | Identified a scroll of acquirement
  2218 | D:3      | Identified the +10 great mace "Evireh" {flame, +Blink +Inv
                  | rPois Str+4} (You acquired it on level 3 of the Dungeon)
  2681 | D:3      | Reached XP level 6. HP: 12/47 MP: 8/8
  2867 | D:4      | Noticed Eustachio
  2886 | D:4      | Killed Eustachio
  2886 | D:4      | Reached XP level 7. HP: 25/52 MP: 10/10
  2946 | D:4      | Noticed Sigmund
  2955 | D:4      | Killed Sigmund
  3087 | D:4      | Found a sparkling altar of Nemelex Xobeh.
  3125 | D:4      | Found a runed door.
  3129 | D:4      | Noticed Crazy Yiuf
  3133 | D:4      | Killed Crazy Yiuf
  3198 | D:4      | Noticed Blork the orc
  3205 | D:4      | Killed Blork the orc
  3205 | D:4      | Reached XP level 8. HP: 51/60 MP: 12/12
  3568 | D:5      | Entered Level 5 of the Dungeon
  3694 | D:5      | Found a burning altar of Makhleb.
  4085 | D:6      | Reached XP level 9. HP: 66/66 MP: 14/14
  4263 | D:6      | Reached skill level 5 in Fighting
  4263 | D:6      | Reached skill level 5 in Maces & Flails
  4276 | D:6      | Found a shimmering altar of Xom.
  4467 | D:6      | Found a glowing golden altar of the Shining One.
  4468 | D:6      | Found a shimmering blue altar of Sif Muna.
  4468 | D:6      | Found a basalt altar of Yredelemnul.
  4469 | D:6      | Found an ancient bone altar of Kikubaaqudgha.
  4484 | D:6      | Became a worshipper of Sif Muna the Loreminder
  4828 | D:7      | Noticed Prince Ribbit
  4835 | D:7      | Killed Prince Ribbit
  4835 | D:7      | Reached skill level 5 in Invocations
  4892 | D:7      | Noticed a troll
  4900 | D:7      | Killed a troll
  4900 | D:7      | Reached XP level 10. HP: 69/74 MP: 15/17
  4985 | D:7      | Found a shadowy altar of Dithmenos.
  5026 | D:7      | Found a staircase to the Lair.
  5117 | D:7      | Found a staircase to the Ecumenical Temple.
  5181 | D:7      | Found a shadowy altar of Dithmenos.
  5187 | D:7      | Found a sacrificial altar of Ru.
  5452 | D:8      | Reached * piety under Sif Muna
  5459 | D:8      | Reached skill level 5 in Short Blades
  5459 | D:8      | Reached skill level 5 in Long Blades
  5459 | D:8      | Reached skill level 5 in Axes
  5459 | D:8      | Reached skill level 5 in Polearms
  5459 | D:8      | Reached skill level 5 in Staves
  5459 | D:8      | Reached skill level 5 in Slings
  5459 | D:8      | Reached skill level 5 in Bows
  5459 | D:8      | Reached skill level 5 in Crossbows
  5459 | D:8      | Reached skill level 5 in Throwing
  5459 | D:8      | Reached skill level 5 in Armour
  5459 | D:8      | Reached skill level 5 in Shields
  5459 | D:8      | Reached skill level 5 in Unarmed Combat
  5459 | D:8      | Reached skill level 5 in Spellcasting
  5459 | D:8      | Reached skill level 5 in Evocations
  5595 | D:8      | Found Ipaonygo's Food Boutique.
  5847 | D:9      | Found a sparkling altar of Nemelex Xobeh.
  5864 | D:9      | Identified Sif Muna's Volume of Calling and Curses {god
                  | gift} (Sif Muna gifted it to you on level 9 of the Dungeon)
  5864 | D:9      | Received a gift from Sif Muna
  5965 | D:9      | Noticed a black mamba
  5974 | D:9      | Killed a black mamba
  6165 | D:9      | Found a staircase to the Orcish Mines.
  6405 | D:9      | Noticed a cyclops
  6447 | D:9      | Killed a cyclops
  6596 | D:9      | Reached XP level 11. HP: 68/82 MP: 19/19
  6889 | Lair:1   | Entered Level 1 of the Lair of Beasts
  7052 | Lair:1   | Found a runed translucent gate.
  7052 | Lair:1   | Found a runed translucent gate.
  7052 | Lair:1   | Found a runed translucent gate.
  7052 | Lair:1   | Noticed MisterOstroum's ghost (journeyman DrBe)
  7782 | Lair:1   | Found a bloodstained altar of Trog.
  8062 | Lair:2   | Reached skill level 5 in Conjurations
  8062 | Lair:2   | Reached skill level 5 in Hexes
  8062 | Lair:2   | Reached skill level 5 in Charms
  8062 | Lair:2   | Reached skill level 5 in Summonings
  8062 | Lair:2   | Reached skill level 5 in Necromancy
  8062 | Lair:2   | Reached skill level 5 in Translocations
  8062 | Lair:2   | Reached skill level 5 in Transmutations
  8062 | Lair:2   | Reached skill level 5 in Fire Magic
  8062 | Lair:2   | Reached skill level 5 in Ice Magic
  8062 | Lair:2   | Reached skill level 5 in Air Magic
  8062 | Lair:2   | Reached skill level 5 in Earth Magic
  8062 | Lair:2   | Reached skill level 5 in Poison Magic
  8071 | Lair:2   | Noticed a five-headed hydra
  8097 | Lair:2   | Killed a five-headed hydra
  8452 | Lair:2   | Noticed a seven-headed hydra
  9082 | Lair:2   | Killed a seven-headed hydra
  9732 | Lair:3   | Found a dark tunnel.
  9874 | Lair:3   | Found a staircase to the Shoals.
  9890 | Lair:3   | Identified Sif Muna's Collected Works on Icy Curses {god
                  | gift} (Sif Muna gifted it to you on level 3 of the Lair of
                  | Beasts)
  9890 | Lair:3   | Received a gift from Sif Muna
  9947 | Lair:3   | Noticed an eight-headed hydra
 10237 | Lair:3   | Found a staircase to the Snake Pit.
 10413 | Lair:3   | Reached XP level 12. HP: 91/91 MP: 22/22
 11266 | Lair:4   | Got a fine dagger
 11296 | Lair:4   | Reached ** piety under Sif Muna
 11577 | Lair:3   | Killed an eight-headed hydra
 12067 | Lair:4   | Noticed a five-headed hydra
 12069 | Lair:4   | Noticed a great orb of eyes
 12069 | Lair:4   | a five-headed hydra changed into a great orb of eyes
 12071 | Lair:4   | Paralysed by a great orb of eyes for 4 turns
 12077 | Lair:4   | Killed a great orb of eyes
 13416 | Lair:5   | Reached skill level 10 in Dodging
 13416 | Lair:5   | Reached skill level 10 in Stealth
 13586 | Lair:5   | Reached XP level 13. HP: 98/98 MP: 24/24
 13593 | Lair:5   | Noticed Urug
 13602 | Lair:5   | Killed Urug
 13815 | Lair:5   | Slain by a black mamba

Skill      XL: |  1  2  3  4  5  6  7  8  9 10 11 12 |
---------------+-------------------------------------+-----
Invocations    | 1 2 3 4 5 6 7 8 |  8.5
Short Blades   | 1 2 3 4 5 6 7 |  7.8
Long Blades    | 1 2 3 4 5 6 7 |  7.8
Axes           | 1 2 3 4 5 6 7 |  7.8
Polearms       | 1 2 3 4 5 6 7 |  7.8
Staves         | 1 2 3 4 5 6 7 |  7.8
Slings         | 1 2 3 4 5 6 7 |  7.8
Bows           | 1 2 3 4 5 6 7 |  7.8
Crossbows      | 1 2 3 4 5 6 7 |  7.8
Throwing       | 1 2 3 4 5 6 7 |  7.8
Armour         | 1 2 3 4 5 6 7 |  7.8
Shields        | 1 2 3 4 5 6 7 |  7.8
Unarmed Combat | 1 2 3 4 5 6 7 |  7.8
Spellcasting   | 1 2 3 4 5 6 7 |  7.8
Evocations     | 1 2 3 4 5 6 7 |  7.8
Conjurations   | 1 2 3 4 5 6 |  6.5
Hexes          | 1 2 3 4 5 6 |  6.5
Charms         | 1 2 3 4 5 6 |  6.5
Summonings     | 1 2 3 4 5 6 |  6.5
Necromancy     | 1 2 3 4 5 6 |  6.5
Translocations | 1 2 3 4 5 6 |  6.5
Transmutations | 1 2 3 4 5 6 |  6.5
Fire Magic     | 1 2 3 4 5 6 |  6.5
Ice Magic      | 1 2 3 4 5 6 |  6.5
Air Magic      | 1 2 3 4 5 6 |  6.5
Earth Magic    | 1 2 3 4 5 6 |  6.5
Poison Magic   | 1 2 3 4 5 6 |  6.5
Fighting       | 3 4 5 6 7 8 |  8.3
Maces & Flails | 3 4 5 6 7 8 |  8.3
Dodging        | 7 8 9 10 | 10.2
Stealth        | 7 8 9 10 | 10.2

Action                   |  1- 3 |  4- 6 |  7- 9 | 10-12 | 13-15 || total
-------------------------+-------+-------+-------+-------+-------++-------
Melee: Whip              |    81 |       |       |       |       ||    81
       Bite              |    13 |    20 |    13 |    59 |     5 ||   110
       Short sword       |    55 |   110 |       |       |       ||   165
       Punch             |     2 |       |       |       |       ||     2
       Great mace        |       |    54 |   150 |   405 |    15 ||   624
Throw: Stone             |       |       |       |     1 |       ||     1
       Tomahawk          |       |       |       |    16 |     7 ||    23
Evoke: Wand              |       |       |     3 |    18 |       ||    21
  Use: Scroll            |     2 |    10 |     7 |    12 |       ||    31
       Potion            |       |     2 |       |     2 |     1 ||     5
 Stab: Sleeping          |    11 |     5 |     4 |    26 |       ||    46
       Distracted        |       |       |     1 |     1 |       ||     2
  Eat: Chunk             |     2 |     5 |     6 |    21 |     1 ||    35
       Ration            |       |       |       |     2 |       ||     2
Armor: Robe              |    22 |     4 |       |       |       ||    26
       Scale mail        |       |    65 |    79 |   183 |     9 ||   336
Dodge: Dodged            |    91 |   161 |   157 |   506 |    24 ||   939
Block: Buckler           |       |    27 |       |       |       ||    27
       Other             |       |       |       |    89 |     6 ||    95
       Reflection        |       |       |       |     2 |       ||     2
